 Dungeon Crawl Stone Soup version 0.27-a0-67-g4bfc8a49e1 (webtiles) character file.

Game seed: 1545943725784860502

8893 SkiChan the Thaumaturge (level 11, -1/85 HPs)
             Began as a Pale Draconian Hedge Wizard on Jan 9, 2021.
             Was a Priest of Vehumet.
             Slain by a cane toad (30 damage)
             ... on level 10 of the Dungeon.
             The game lasted 00:38:25 (16665 turns).

SkiChan the Thaumaturge (DrWz)                     Turns: 16665, Time: 00:38:26

Health: -1/85      AC:  8    Str: 13    XL:     11   Next: 15%
Magic:  17/24      EV: 14    Int: 17    God:    Vehumet [***...]
Gold:   540        SH:  0    Dex: 11    Spells: 4/29 levels left

rFire    . . .     SeeInvis .   k - +4 dagger
rCold    . . .     Faith    .   (no shield)
rNeg     . . .     Spirit   .   (armour unavailable)
rPois    .         Reflect  .   b - +0 hat
rElec    .         Harm     +   x - scarf {harm}
rCorr    .         Rampage  .   (no gloves)
Will     .....                  w - +0 pair of boots
Stlth    ++........             (no amulet)
HPRegen  0.24/turn              (no ring)
MPRegen  0.19/turn              (no ring)

@: lethally poisoned (-1 -> -6)
A: breathe steam, unfitting armour, cold-blooded, AC +7
a: Breathe Steam, Renounce Religion


You were on level 10 of the Dungeon.
You worshipped Vehumet.
Vehumet was most pleased with you.
You visited 3 branches of the dungeon, and saw 12 of its levels.

You collected 582 gold pieces.
You spent 42 gold pieces at shops.

Inventory:

Hand Weapons
 k - a +4 dagger (weapon)
 D - a +0 dagger of venom
 E - a +1 dagger of speed
 L - a +2 whip of electrocution
Missiles
 c - 12 javelins
 f - 38 poisoned darts
Armour
 b - a +0 hat (worn)
 w - a +0 pair of boots (worn)
 x - a scarf of harm (worn)
Jewellery
 q - an uncursed ring of ice {unknown}
 A - an uncursed amulet of the acrobat {unknown}
 G - a +4 ring of evasion {unknown}
 H - an uncursed ring of protection from cold {unknown}
 K - an uncursed ring of magical power
Wands
 y - a wand of enslavement (7)
 B - a wand of random effects (12)
 I - a wand of iceblast (9)
 J - a wand of polymorph (8)
 N - a wand of paralysis (9)
Scrolls
 d - 7 scrolls of teleportation {unknown}
 e - 19 scrolls of identify {unknown}
 g - a scroll of fog {unknown}
 p - a scroll of amnesia {unknown}
 r - 7 scrolls of remove curse {unknown}
 s - 4 scrolls of enchant armour {unknown}
 t - 2 scrolls of blinking {unknown}
 u - 3 scrolls of magic mapping {unknown}
 v - a scroll of fear {unknown}
 F - a scroll of brand weapon {unknown}
 M - a scroll of silence {unknown}
Potions
 a - a potion of haste
 h - 2 potions of attraction {unknown}
 i - 4 potions of heal wounds {unknown}
 j - 2 potions of curing
 l - 4 potions of degeneration {unknown}
 m - 3 potions of flight {unknown}
 n - 3 potions of lignification {unknown}
 o - a potion of brilliance {unknown}
 z - 2 potions of might {unknown}
 C - a potion of mutation {unknown}


   Skills:
 + Level 4.5 Fighting
 + Level 6.2 Short Blades
 + Level 1.3 Throwing
 + Level 6.0 Dodging
 + Level 4.3 Stealth
 + Level 9.5 Spellcasting
 + Level 8.4 Conjurations
 + Level 0.5 Hexes
 + Level 1.4 Summonings
 + Level 1.0 Translocations
 + Level 1.3 Transmutations
 + Level 0.6 Fire Magic
 + Level 1.5 Air Magic
 + Level 1.5 Earth Magic
 + Level 2.4 Poison Magic


You had 4 spell levels left.
You knew the following spells:

 Your Spells              Type           Power        Failure   Level
a - Magic Dart            Conj           100%         1%          1
b - Blink                 Tloc           N/A          9%          2
c - Mephitic Cloud        Conj/Pois/Air  22%          1%          3
d - Call Imp              Summ           12%          8%          2
e - Slow                  Hex            10%          11%         2
f - Conjure Flame         Conj/Fire      23%          1%          3
g - Freeze                Ice            32%          2%          1
h - Stone Arrow           Conj/Erth      50%          1%          3
i - Passwall              Tmut/Erth      10%          8%          2
j - Shock                 Conj/Air       100%         1%          1
k - Searing Ray           Conj           72%          1%          2
l - Frozen Ramparts       Ice            16%          7%          3

Your spell library contained the following spells:

 Spells                   Type           Power        Failure   Level
 Sandblast                Erth           26%          1%          1
 Dazzling Flash           Conj/Hex       46%          1%          3
 Summon Small Mammal      Summ           48%          4%          1
 Apportation              Tloc           22%          6%          1
 Corona                   Hex            11%          7%          1
 Animate Skeleton         Necr           16%          9%          1
 Ensorcelled Hibernation  Hex/Ice        18%          12%         2
 Gell's Gravitas          Tloc           5%           17%         3
 Confusing Touch          Hex            10%          22%         3
 Tukima's Dance           Hex            10%          22%         3
 Petrify                  Tmut/Erth      12%          45%         4
 Lee's Rapid Deconstruct  Erth           6%           32%         5
 Yara's Violent Unravell  Hex/Tmut       5%           38%         5
 Metabolic Englaciation   Hex/Ice        4%           91%         5


Dungeon Overview and Level Annotations

Branches:
Dungeon (10/15)            Temple (1/1) D:4            Lair (1/6) D:10
    Orc: D:9-12

Altars:
Ashenzari
Cheibriados
Dithmenos
Elyvilon
Fedhas
Gozag
Hepliaklqana
Kikubaaqudgha
Makhleb
Nemelex Xobeh
Okawaru
Qazlal
Ru
Sif Muna
Trog
Uskayaw
Vehumet
Wu Jian
Xom
Yredelemnul
Zin
The Shining One

Shops:
D:5 **[   D:7 !*

Annotations:
D:10 1 runed translucent door, exclusion: door


Innate Abilities, Weirdness & Mutations

You can breathe blasts of scalding, opaque steam.
Your pale cyan-grey scales are hard. (AC +7)
You cannot fit into any form of body armour.
You are cold-blooded and may be slowed by cold attacks.


Message History

You hear a croak.
You hear a loud, deep croak! x3; You hear a bellow!
You hear a loud, deep croak!
You hear a croak.
The wolf completely misses you. The wolf closely misses you.
A wolf comes into view.
The wolf closely misses you. x2
You puncture the wolf!
The wolf is heavily wounded.
The wolf barely misses you.
A wolf comes into view.
The wolf misses you. The wolf closely misses you.
The wolf completely misses you. The cane toad stings you!!
You are poisoned.
The cane toad poisons you! The wolf bites you!
You climb upwards.
Welcome back to the Dungeon!
Level annotation: 1 runed translucent door, exclusion: door You feel sick.
There is a staircase to the Lair here.
You feel sick. The cane toad stings you!!
You die...

#.....(.♣[#........#.#.#.
#.#.........##.#.#.#.#.#.
#..................#.#.#.
###.......♣....♣####.#.#...
####..................#.#.####
####.............[.....#.#)#.#
...........♣♣[[.h....♣.#.#(#.#
####.#..♣......>h...♣....(.#.#
#...........F@........###.#
######............♣.)......#
#....#...........[..##.#####
###.##.#...............#.#...#
..#.##.#.#.♣....♣.P...##.#.#.#
#.#.##.#.##.......♣.#<##.#.#.#
....##.#.##.....P..........#.#
#........##......####.##.###.#
#........#######.# #.#......#


You could see a cane toad and 2 wolves.

Vanquished Creatures
  2 two-headed ogres
  Pikel (D:4)
  Joseph (D:8)
  A troll (D:10)
  5 wyverns (D:10)
  2 wraiths (D:10)
  4 yaks (D:10)
  8 water moccasins
  2 ice beasts
  4 black bears
  5 orc warriors
  A sky beast (D:10)
  3 ogres
  A phantom (D:8)
  2 centaurs
  2 lemures (D:4)
  4 bullfrogs
  A big kobold (D:7)
  A wyvern skeleton (D:6)
  4 scorpions
  5 killer bees (D:7)
  An electric eel (D:10)
  4 howler monkeys
  A centaur zombie (D:7)
  A jelly (D:10)
  6 hounds
  4 bullfrog skeletons
  9 orc priests
  5 iguanas
  11 orc wizards
  6 worker ants
  A hound skeleton (D:9)
  8 gnolls (D:6)
  11 adders
  2 shadow imps
  2 white imps
  2 ufetubi
  2 oozes (D:7)
  An adder skeleton (D:9)
  4 worms
  A dart slug (D:1)
  7 leopard geckos
  35 orcs
  5 bats
  6 giant cockroaches
  9 goblins
  10 hobgoblins
  4 jackals (D:8)
  8 quokkas
  5 ball pythons
  2 frilled lizards
  16 kobolds
  2 quokka zombies
  2 rats (D:3)
252 creatures vanquished.

Vanquished Creatures (collateral kills)
  An ogre (D:4)
  An orc (D:4)
  A goblin (D:3)
3 creatures vanquished.

Vanquished Creatures (others)
  5 bushes (D:10)
  17 fungi (D:10)
  30 plants
52 creatures vanquished.

Grand Total: 307 creatures vanquished

Notes
Turn   | Place    | Note
-------+----------+-------------------------------------------
     0 | D:1      | SkiChan the Draconian Hedge Wizard began the quest for the
                  | Orb.
     0 | D:1      | Reached XP level 1. HP: 14/14 MP: 4/4
   334 | D:1      | Reached XP level 2. HP: 17/20 MP: 3/6
   633 | D:1      | Learned a level 2 spell: Blink
  1295 | D:2      | Reached XP level 3. HP: 25/26 MP: 0/8
  1609 | D:2      | Found a blossoming altar of Fedhas.
  2047 | D:2      | Learned a level 3 spell: Mephitic Cloud
  2151 | D:2      | Reached skill level 4 in Spellcasting
  2151 | D:2      | Reached XP level 4. HP: 29/33 MP: 6/10
  2385 | D:2      | Found a faded altar of an unknown god.
  3214 | D:3      | Learned a level 2 spell: Call Imp
  3240 | D:3      | Reached skill level 1 in Short Blades
  3374 | D:3      | Reached XP level 5. HP: 26/38 MP: 5/11
  3751 | D:3      | Noticed an orc warrior
  3809 | D:3      | Killed an orc warrior
  4396 | D:4      | Noticed an ogre
  4403 | D:4      | Noticed an ogre
  4403 | D:4      | Killed an ogre
  4404 | D:4      | Reached skill level 1 in Fighting
  4404 | D:4      | Reached XP level 6. HP: 5/47 MP: 6/12
  4698 | D:4      | Found a staircase to the Ecumenical Temple.
  4708 | Temple   | Entered the Ecumenical Temple
  4770 | Temple   | Became a worshipper of Vehumet
  5061 | D:4      | Learned a level 2 spell: Slow
  5400 | D:4      | Your scales start taking on a pale cyan-grey colour.
  5400 | D:4      | Reached skill level 1 in Air Magic
  5400 | D:4      | Reached XP level 7. HP: 43/52 MP: 5/14
  5557 | D:4      | Learned a level 3 spell: Conjure Flame
  5574 | D:4      | Reached skill level 5 in Spellcasting
  5751 | D:4      | Found an ornate altar of the Wu Jian Council.
  5786 | D:4      | Noticed Pikel
  5816 | D:4      | Killed Pikel
  5817 | D:4      | Reached skill level 1 in Poison Magic
  5817 | D:4      | Reached XP level 8. HP: 18/60 MP: 11/16
  6037 | D:4      | Found a glowing silver altar of Zin.
  6038 | D:4      | Found an opulent altar of Gozag.
  6246 | D:5      | Entered Level 5 of the Dungeon
  6376 | D:5      | Reached * piety under Vehumet
  6376 | D:5      | Offered knowledge of Freeze by Vehumet.
  6379 | D:5      | Learned a level 1 spell: Freeze
  6383 | D:5      | Learned a level 3 spell: Stone Arrow
  6514 | D:5      | Found Exof's Assorted Antiques.
  6576 | D:5      | Found Urapluyp's Assorted Antiques.
  6652 | D:5      | Reached skill level 6 in Spellcasting
  6723 | D:5      | Found Vauru's Antique Armour Shoppe.
  8018 | D:6      | Found a snail-covered altar of Cheibriados.
  8160 | D:7      | Found a bloodstained altar of Trog.
  8218 | D:7      | Reached skill level 1 in Throwing
  8438 | D:7      | Found Kufo's Distillery.
  8576 | D:7      | Bought a potion of curing for 42 gold pieces
  8740 | D:7      | Reached XP level 9. HP: 53/68 MP: 4/19
  8833 | D:7      | Learned a level 2 spell: Passwall
  9012 | D:7      | Found Noemmatt's Serpentskin Sales.
  9035 | D:7      | Reached skill level 5 in Conjurations
  9233 | D:7      | Reached skill level 7 in Spellcasting
  9522 | D:7      | Reached ** piety under Vehumet
  9536 | D:7      | Offered knowledge of Shock by Vehumet.
  9537 | D:7      | Reached skill level 1 in Transmutations
  9573 | D:7      | Learned a level 1 spell: Shock
  9994 | D:7      | Reached skill level 5 in Dodging
 10236 | D:8      | Reached skill level 1 in Earth Magic
 10259 | D:8      | Noticed Joseph
 10461 | D:8      | Killed Joseph
 10791 | D:8      | Found a sparkling altar of Nemelex Xobeh.
 10997 | D:8      | Offered knowledge of Searing Ray by Vehumet.
 11001 | D:8      | Learned a level 2 spell: Searing Ray
 11401 | D:9      | Noticed a two-headed ogre
 11416 | D:9      | Killed a two-headed ogre
 11417 | D:9      | Reached skill level 5 in Short Blades
 11417 | D:9      | Reached skill level 8 in Spellcasting
 11417 | D:9      | Reached XP level 10. HP: 54/75 MP: 17/22
 11419 | D:9      | Reached *** piety under Vehumet
 11743 | D:9      | Found a broken altar of Ashenzari.
 11743 | D:9      | Found a shimmering blue altar of Sif Muna.
 12057 | D:9      | Found a bloodstained altar of Trog.
 12473 | D:10     | Entered Level 10 of the Dungeon
 12638 | D:10     | Offered knowledge of Frozen Ramparts by Vehumet.
 12643 | D:10     | Learned a level 3 spell: Frozen Ramparts
 13324 | D:10     | Reached skill level 9 in Spellcasting
 13441 | D:9      | HP: 3/77 [water moccasin (10)]
 14144 | D:10     | Found a staircase to the Lair.
 15068 | D:10     | Reached XP level 11. HP: 42/84 MP: 24/24
 15493 | D:10     | Noticed a two-headed ogre
 15510 | D:10     | Killed a two-headed ogre
 16097 | D:10     | Found a runed translucent door.
 16097 | D:10     | Noticed a frost giant
 16097 | D:10     | Noticed a sphinx
 16097 | D:10     | Noticed a fire dragon
 16099 | D:10     | Identified the cursed +1 quarterstaff "Asti Caydgh" {chaos,
                  | rElec}
 16099 | D:10     | Noticed a yaktaur captain
 16099 | D:10     | Noticed a fire giant
 16099 | D:10     | Noticed a stone giant
 16099 | D:10     | Noticed an ettin
 16099 | D:10     | Noticed an ogre mage
 16654 | Lair:1   | Entered Level 1 of the Lair of Beasts
 16665 | D:10     | Slain by a cane toad

Illustrated notes

Levels and vault maps discovered:
D:1:      eino_arrival_druids_welcome, layout_loops_ring
D:2:      layout_basic, chequers_ecumenical_altar_lobes, fedhas_altar_4
D:3:      layout_basic
D:4:      layout_rooms, grunt_temple_overflow_gold_and_silver,
          nzn_wu_jian_council_hall, minmay_temple_entry_sparse_star, uniq_pikel
D:5:      layout_rooms, serial_shops, shop_statue, nicolae_shop_trees, shop
D:6:      layout_rooms, cheibrodos_worm_habitat
D:7:      layout_basic, basic_altar, serial_shops, nicolae_shop_stone,
          guppyfry_shop_venom
D:8:      layout_cave_pools, nemelex_xobeh_ov_fountains_minmay, uniq_joseph
D:9:      layout_basic, gammafunk_temple_overflow_pools, trog_hazing_becter
D:10:     minmay_gate_of_8, layout_basic, minmay_lair_entry_grove,
          roderic_lattice_a, fungi_pond_lemuel
Temple:   nicolae_temple_x_marks_the_god
Lair:1:   layout_small_grid, infiniplex_staircase_pool_2,
          minmay_lair_oklob_chamber, serial_bayou_shore_a, grunt_megastairs_1

Skill      XL: |  1  2  3  4  5  6  7  8  9 10 11 |
---------------+----------------------------------+-----
Dodging        | 2 3 4 5 6 |  6.0
Stealth        | 2 3 4 |  4.3
Spellcasting   | 4 5 6 8 9 |  9.5
Short Blades   | 1 2 3 4 5 6 |  6.2
Conjurations   | 2 3 4 6 8 |  8.4
Fighting       | 1 2 4 |  4.5
Air Magic      | 1 |  1.5
Poison Magic   | 1 2 |  2.4
Throwing       | 1 |  1.3
Transmutations | 1 |  1.3
Earth Magic    | 1 |  1.5
Hexes          | |  0.5
Summonings     | |  1.4
Translocations | |  1.0
Fire Magic     | |  0.6

Action                   |  1- 3 |  4- 6 |  7- 9 | 10-12 || total
-------------------------+-------+-------+-------+-------++-------
Melee: Dagger            |    61 |   129 |   188 |    56 ||   434
       Tailslap          |     7 |    17 |    12 |     4 ||    40
Throw: Javelin           |       |     2 |     1 |       ||     3
       Dart              |       |     2 |       |       ||     2
 Cast: Magic Dart        |    76 |   107 |   205 |   267 ||   655
       Mephitic Cloud    |       |     6 |    10 |     2 ||    18
       Call Imp          |       |     3 |     1 |       ||     4
       Blink             |       |     2 |       |       ||     2
       Stone Arrow       |       |       |    21 |     7 ||    28
       Slow              |       |       |     2 |       ||     2
       Shock             |       |       |     6 |       ||     6
       Searing Ray       |       |       |     3 |     8 ||    11
       Passwall          |       |       |     1 |       ||     1
       Conjure Flame     |       |       |       |     7 ||     7
 Abil: Breathe Steam     |       |       |    16 |    12 ||    28
  Use: Potion            |       |       |       |     1 ||     1
 Stab: Sleeping          |     2 |     2 |       |       ||     4
       Confused          |       |       |     2 |       ||     2
Armor: Skin              |    22 |    26 |    58 |    31 ||   137
Dodge: Dodged            |    56 |    67 |   179 |   134 ||   436

Table legend: (Time is in decaauts)
 A = Elapsed time spent in this place.
 B = Non-inter-level travel time spent in this place.
 C = Inter-level travel time spent in this place.
 D = Time resting spent in this place.
 E = Time spent auto-exploring this place.
 F = Levels seen in this place.
 G = Mean time per level.
                   A        B        C        D        E       F      G
               +--------+--------+--------+--------+--------+-----+--------+
         Total |  16647 |  16380 |    267 |   5296 |   9018 |  12 | 1387.2 |
       Dungeon |  16569 |  16319 |    250 |   5296 |   8968 |  10 | 1656.9 |
        Temple |     68 |     51 |     17 |      0 |     50 |   1 |   68.0 |
          Lair |      9 |      9 |      0 |      0 |      0 |   1 |    9.0 |
               +--------+--------+--------+--------+--------+-----+--------+

Top non-repeatable levels by time:
    D:10: 3779 daAuts
     D:7: 2208 daAuts
     D:2: 1743 daAuts
     D:3: 1660 daAuts
     D:9: 1577 daAuts
     D:4: 1496 daAuts
     D:6: 1284 daAuts
     D:1: 1264 daAuts
     D:8: 954 daAuts
     D:5: 600 daAuts
  Temple: 68 daAuts
  Lair:1: 9 daAuts
